 Dungeon Crawl Stone Soup version 0.24-a0-479-g9a978d2894 (webtiles) character file.

Game seed: 10650502611455793293

81 Inarius the Chucker (level 4, 0/35 HPs)
             Began as a Demonspawn Hunter on July 8, 2019.
             Killed from afar by Ijyb (3 damage)
             ... with a puff of flame
             ... on level 3 of the Dungeon.
             The game lasted 00:03:57 (2488 turns).

Inarius the Chucker (Demonspawn Hunter)             Turns: 2488, Time: 00:03:58

Health: 0/35       AC:  9    Str: 14    XL:     4   Next: 20%
Magic:  4/4        EV: 12    Int: 12    God:
Gold:   165        SH:  0    Dex: 18    Spells: 3/3 levels left

rFire    . . .     SeeInvis .   (no weapon)
rCold    . . .     Gourm    .   (no shield)
rNeg     . . .     Faith    .   k - +0 chain mail
rPois    .         Spirit   .   (no helmet)
rElec    .         Reflect  .   (no cloak)
rCorr    .         Harm     .   l - +0 pair of gloves
MR       .....                  (no boots)
Stlth    ..........             (no amulet)
HPRegen  0.11/turn              (no ring)
MPRegen  0.09/turn              (no ring)

@: agile
A: claws 1, spiny 1, rot immunity
a: no special abilities


You were on level 3 of the Dungeon.
You were not hungry.

You visited 1 branch of the dungeon, and saw 3 of its levels.

You collected 165 gold pieces.

Inventory:

Missiles
 a - 8 boomerangs (quivered)
 c - 6 javelins
 d - 2 throwing nets
Armour
 k - a +0 chain mail (worn)
 l - a +0 pair of gloves (worn)
Scrolls
 e - 3 scrolls of teleportation {unknown}
 h - 2 scrolls of amnesia {unknown}
 i - 3 scrolls of remove curse {unknown}
 j - 3 scrolls of identify {unknown}
Comestibles
 f - a ration
 n - 5 chunks of flesh


   Skills:
 * Level 3.2 Fighting
   Level 0.6 Short Blades
   Level 0.5 Axes
 - Level 3.6 Throwing
 + Level 1.5 Armour
 + Level 2.2 Dodging
 - Level 0.8 Stealth
 * Level 0.2 Unarmed Combat


You had 3 spell levels left.
You didn't know any spells.
Your spell library was empty.

Dungeon Overview and Level Annotations

Branches:
Dungeon (3/15)

Altars:

Annotations:
D:3 Ijyb


Innate Abilities, Weirdness & Mutations

You have sharp fingernails.
You are partially covered in sharp spines.
You are immune to rotting.


Message History

Ijyb is heavily wounded.
Ijyb barely misses you.
You closely miss Ijyb.
Ijyb is heavily wounded.
Ijyb zaps a wand.
The puff of flame hits you.
* * * LOW HITPOINT WARNING * * *
You barely miss Ijyb.
Ijyb is heavily wounded.
Ijyb hits you.
* * * LOW HITPOINT WARNING * * *
You hit Ijyb but do no damage.
Ijyb is heavily wounded.
Ijyb hits you.
* * * LOW HITPOINT WARNING * * *
You feel better.
Ijyb zaps a wand.
The puff of flame hits you!
* * * LOW HITPOINT WARNING * * *
You hit Ijyb but do no damage.
Ijyb is heavily wounded.
Ijyb zaps a wand.
The puff of flame hits you.
You die...

#... ##.# .....#
#.# #.....###
#.#
#.......######.#
..............#
#..%..##.....#
#....#..###.#
#......## ###
#.$)@### #.(.g#
#.[....#
##...### ###. #.
. .


You could see Ijyb.

Vanquished Creatures
  An adder (D:3)
  An ooze (D:2)
  4 worms
  A dart slug (D:2)
  3 leopard geckos
  2 giant cockroaches
  3 goblins
  5 hobgoblins
  8 jackals
  4 kobolds
  2 quokkas (D:2)
  5 bats
  4 frilled lizards
  7 rats
50 creatures vanquished.

Notes
Turn   | Place    | Note
-------+----------+-------------------------------------------
     0 | D:1      | Inarius the Demonspawn Hunter began the quest for the Orb.
     0 | D:1      | Reached XP level 1. HP: 16/16 MP: 1/1
   391 | D:1      | Gained mutation: You are partially covered in sharp spines.
                  | [demonic ancestry]
   391 | D:1      | Reached XP level 2. HP: 23/23 MP: 2/2
  1404 | D:2      | Gained mutation: You are immune to rotting. [demonic
                  | ancestry]
  1404 | D:2      | Reached XP level 3. HP: 28/28 MP: 3/3
  1569 | D:2      | Reached skill level 1 in Armour
  2142 | D:2      | You fall into a shaft and drop 1 floor!
  2269 | D:3      | Gained mutation: You have sharp fingernails. [demonic
                  | ancestry]
  2269 | D:3      | Reached XP level 4. HP: 32/35 MP: 4/4
  2455 | D:3      | Noticed Ijyb
  2488 | D:3      | Killed from afar by Ijyb

Levels and vault maps discovered:
D:1:      sevenhm_arrival_forest_fort_small_5, layout_basic
D:2:      layout_loops_corners
D:3:      layout_rooms, first_ration, uniq_ijyb

Skill      XL: |  1  2  3 |
---------------+----------+-----
Dodging        | 2 |  2.2
Fighting       | 3 |  3.2
Armour         | 1 |  1.5
Short Blades   | |  0.6
Axes           | |  0.5
Throwing       | |  3.6
Stealth        | |  0.8
Unarmed Combat | |  0.2

Action                   |  1- 3 |  4- 6 || total
-------------------------+-------+-------++-------
Melee: Short sword       |    67 |       ||    67
       Hand axe          |    45 |     1 ||    46
       Unarmed           |       |    56 ||    56
Throw: Boomerang         |     6 |     7 ||    13
  Use: Potion            |       |     3 ||     3
  Eat: Chunk             |     4 |     1 ||     5
Armor: Leather armour    |    11 |       ||    11
       Chain mail        |    51 |    34 ||    85
Dodge: Dodged            |    38 |    24 ||    62

Table legend:
 A = Non-vault XP
 B = Vault XP
 C = Vault XP percentage of total XP
 D = Non-vault monster count
 E = Vault monster count
 F = Vault count percentage of total count
                 A         B        C        D         E       F
            +---------+---------+-------+---------+---------+-------
      Total |     117 |       0 |   0.0 |      50 |       0 |   0.0
            +---------+---------+-------+---------+---------+-------
        D:1 |      33 |       0 |   0.0 |      19 |       0 |   0.0
        D:2 |      49 |       0 |   0.0 |      21 |       0 |   0.0
        D:3 |      35 |       0 |   0.0 |      10 |       0 |   0.0
            +---------+---------+-------+---------+---------+-------
